 Dungeon Crawl Stone Soup version 0.14-a0-3109-ga7442b6 (webtiles) character file.

92 Froboctopus the Changer (level 3, -5/15 HPs)
             Began as a Felid Transmuter on Mar 7, 2014.
             Killed from afar by an orc wizard (7 damage)
             ... with a puff of flame
             ... on Level 1 of the Dungeon.
             The game lasted 00:03:25 (1091 turns).

Froboctopus the Changer (Felid Transmuter)          Turns: 1091, Time: 00:03:25

HP  -5/15        AC  1     Str  6      XL: 3   Next: 30%
MP   7/8         EV 18     Int 15      God:
Gold 52          SH  0     Dex 16      Spells:  2 memorised,  3 levels left
Lives: 0, deaths: 0

rFire  . . .     SeeInvis +       - Unarmed
rCold  . . .     Clarity  .     (armour unavailable)
rNeg   . . .     Conserve .     (shield unavailable)
rPois  .         rCorr    .     (helmet unavailable)
rElec  .         rRot     .     (cloak unavailable)
SustAb . .       Spirit   .     (gloves unavailable)
rMut   .         Warding  .     (boots unavailable)
Saprov . . .     Stasis   .     (no amulet)
MR     .....                    (no ring)
                                (no ring)

@: quick, not resistant to hostile enchantments, fairly stealthy
A: paw claws, no armour, no weapons or thrown items, fangs 3, see invisible,
carnivore 3, speed 1, shaggy fur 1, slow metabolism 1, jump 1
a: Jump Attack


You were on level 1 of the Dungeon.
You were completely stuffed.

You visited 1 branch of the dungeon, and saw 2 of its levels.

You collected 52 gold pieces.

Inventory:

Missiles
 b - 12 arrows
Magical devices
 i - a wand of flame (5)
Comestibles
 a - 2 meat rations
 j - a sausage
Scrolls
 c - a scroll of identify {unknown}
Jewellery
 e - an uncursed ring of poison resistance {unknown}
Potions
 f - a potion of restore abilities {unknown}
 g - a potion of heal wounds {unknown}
 h - a potion of speed {unknown}
 k - a potion of mutation {unknown}
Books
 d - a book of Changes

   Spells                             Type                      Level
   *Beastly Appendage                 Transmutation                1
   Sticks to Snakes                   Transmutation                2
   *Spider Form                       Transmutation/Poison         3
   Ice Form                           Ice/Transmutation            4
   Blade Hands                        Transmutation                5


   Skills:
 - Level 1.0 Fighting
 - Level 2.6 Dodging
 - Level 3.0 Unarmed Combat
 + Level 2.6 Spellcasting
 * Level 3.5 Transmutations


You had 3 spell levels left.
You knew the following spells:

 Your Spells              Type           Power        Failure   Level  Hunger
a - Beastly Appendage     Trmt           ##....       6%          1    #......
b - Spider Form           Trmt/Pois      #.........   34%         3    ###....


Dungeon Overview and Level Annotations

Branches:
Dungeon (2/16)

Altars:


Innate Abilities, Weirdness & Mutations

You cannot wear armour.
You are incapable of wielding weapons or throwing items.
Your paws have sharp claws.*
You have razor-sharp teeth.*
You have supernaturally acute eyesight.
You are carnivorous and can eat meat at any time.
You cover ground quickly.*
You are covered in fur (AC +1).*
You have a slow metabolism.
You can jump attack at a short distance.


Message History

* * * LOW HITPOINT WARNING * * *
Things that are here:
a club; a leather armour; an orc corpse Read which item? (? for menu, Esc to quit)
Okay, then.
Things that are here:
a club; a leather armour You hit the orc wizard but do no damage.
The orc wizard is poisoned.
The orc wizard unwields an uncursed dagger.
The orc wizard drops an uncursed dagger.
The orc wizard picks up a club.
The orc wizard wields a club.
Your transformation is almost over.
The orc priest becomes somewhat translucent.
The orc wizard looks more healthy.
Your transformation has ended.
You fall off the wall.
The orc wizard gestures at you while chanting.
The puff of flame hits you!
You die...

### ####### #.. #.....#
#########.. #.....########
#......##..
#.....#......######......####
#.....#...........o......# #
#.....#.....@######......# #
#.....#......# #......# #
#.....#......##########.#####
#.....#.......>..o..o........
#.#####......#..)######.#####
#)# #>.....#.....# #.# # #.#
#......#...#.# #.##### #.#
#......#...#o# #.##... #.#
##########...#.# #.##.##


You could see an orc wizard.

Vanquished Creatures
  An adder (D:2)
  2 giant geckos
  2 orcs (D:1)
  3 bats (D:1)
  2 hobgoblins (D:1)
  2 kobolds (D:1)
  A goblin (D:1)
  17 rats (D:1)
30 creatures vanquished.

Notes
Turn   | Place    | Note
--------------------------------------------------------------
     0 | D:1      | Froboctopus, the Felid Transmuter, began the quest for the Orb.
     0 | D:1      | Reached XP level 1. HP: 9/9 MP: 4/4
   246 | D:1      | Reached XP level 2. HP: 9/12 MP: 3/5
  1005 | D:2      | Reached XP level 3. HP: 15/15 MP: 6/8
  1013 | D:2      | Learned a level 3 spell: Spider Form
  1091 | D:1      | Killed from afar by an orc wizard

Action                   || total
-------------------------++-------
Melee: Unarmed           ||    79
 Cast: Beastly Appendage ||    12
       Spider Form       ||     1
 Abil: Jump Attack       ||     2
Evoke: Wand              ||     1
